 Dungeon Crawl Stone Soup version 0.28.0-53-g5a82cb258f (webtiles) character file.

Game seed: 7539377553799713330

3896 MiltankisOP the Nimble (level 10, -3/72 HPs)
             Began as an Octopode Monk on July 13, 2022.
             Was a Priest of Cheibriados.
             Slain by a gnoll sergeant
             ... wielding a +0 spear
              (11 damage)
             ... on level 8 of the Dungeon.
             The game lasted 00:17:12 (8963 turns).

MiltankisOP the Nimble (Octopode Monk)              Turns: 8963, Time: 00:17:13

Health: -3/72      AC:  1    Str: 17    XL:     10   Next: 20%
Magic:  15/15      EV: 20    Int: 19    God:    Cheibriados [***...]
Gold:   461        SH:  0    Dex: 24    Spells: 9/9 levels left

rFire   . . .      SeeInvis .     - Unarmed
rCold   . . .      Faith    .   (no shield)
rNeg    . . .      Spirit   .   (helmet restricted)
rPois   .          Reflect  .   (no amulet)
rElec   .          Harm     .   (no ring)
rCorr   .          Rampage  .   (no ring)
Will    .....                   (no ring)
Stlth   ++++......              (no ring)
HPRegen 0.22/turn               (no ring)
MPRegen 0.14/turn               (no ring)
                                (no ring)
                                (no ring)

@: very slow
A: almost no armour, amphibious, 8 rings, camouflage 1, gelatinous body 1,
(nimble swimmer 1), tentacles
a: Renounce Religion, Bend Time, Temporal Distortion


You were on level 8 of the Dungeon.
You worshipped Cheibriados.
Cheibriados was most pleased with you.
You visited 2 branches of the dungeon, and saw 9 of its levels.

You collected 461 gold pieces.

Inventory:

Hand Weapons
 h - the +6 dagger of the Land of Plenty {venom, SInv}
   (You found it on level 2 of the Dungeon)

   It poisons the flesh of those it strikes.
   SInv:      It lets you see invisible.
Missiles
 a - 3 throwing nets (quivered)
Wands
 n - a wand of iceblast (13)
Scrolls
 b - a scroll of torment
 c - 3 scrolls of teleportation
 e - 2 scrolls of amnesia
 f - a scroll of noise {unknown}
 p - 2 scrolls of vulnerability
 r - a scroll of enchant weapon
Potions
 d - 4 potions of curing
 g - a potion of attraction {unknown}
 i - a potion of heal wounds {unknown}
 j - 2 potions of mutation
 l - a potion of degeneration {unknown}
 o - 3 potions of brilliance
 q - 3 potions of flight {unknown}


   Skills:
 - Level 8.0 Fighting
 - Level 8.7 Dodging
 - Level 2.7 Stealth
 - Level 7.1 Unarmed Combat
 + Level 7.4 Invocations


You had 9 spell levels left.
You didn't know any spells.
Your spell library contained the following spells:

 Spells                   Type           Power      Damage    Failure   Level
 Apportation              Tloc           0%         N/A       21%         1
 Freeze                   Ice            0%         1d3       21%         1
 Ensorcelled Hibernation  Hex/Ice        0%         N/A       30%         2
 Passwall                 Tmut/Erth      0%         N/A       30%         2
 Conjure Flame            Conj/Fire      0%         6-21      52%         3
 Frozen Ramparts          Ice            0%         1d2       52%         3
 Ignite Poison            Fire/Tmut/Pois 0%         N/A       52%         3
 Swiftness                Air            0%         N/A       52%         3
 Fulminant Prism          Conj/Hex       0%         3d6       90%         4
 Hailstorm                Conj/Ice       0%         3d3       90%         4
 Iskenderun's Mystic Bla  Conj/Tloc      0%         2d3       90%         4
 Passage of Golubria      Tloc           0%         N/A       90%         4
 Sticky Flame             Conj/Fire      0%         2d3       90%         4
 Alistair's Intoxication  Tmut/Pois      0%         N/A       99%         5
 Lee's Rapid Deconstruct  Erth           0%         3d5*      99%         5
 Silence                  Hex/Air        0%         N/A       99%         5
 Summon Forest            Summ/Tloc      0%         N/A       99%         5
 Lehudib's Crystal Spear  Conj/Erth      0%         10d2      100%        8
 Necromutation            Tmut/Necr      0%         N/A       100%        8
 Animate Armour           Summ/Erth      Unusable   N/A       N/A         4

Dungeon Overview and Level Annotations

Branches:
Dungeon (8/15)             Temple (1/1) D:6
   Lair: D:8-11

Altars:
Ashenzari
Cheibriados
Dithmenos
Elyvilon
Fedhas
Gozag
Hepliaklqana
Kikubaaqudgha
Makhleb
Nemelex Xobeh
Okawaru
Qazlal
Ru
Sif Muna
Trog
Uskayaw
Vehumet
Wu Jian
Xom
Yredelemnul
Zin
The Shining One


Innate Abilities, Weirdness & Mutations

You cannot wear most types of armour.
You are amphibious.
You can wear up to eight rings at the same time.
Your skin changes colour to match your surroundings (Stealth+).
Your rubbery body absorbs attacks. (AC +1, EV +1)
((You are camouflaged when in or above water. (Stealth+)))
You have tentacles for arms and can constrict up to eight enemies at once.


Message History

The gnoll sergeant completely misses you.
You tentacle-slap the gnoll but do no damage.
Your grab misses the gnoll.
The gnoll sergeant hits you from afar with a +0 spear!
The gnoll hits you but does no damage.
You tentacle-slap the gnoll. You grab the gnoll.
The gnoll is moderately wounded.
You constrict the gnoll.
The gnoll sergeant hits you from afar with a +0 spear!
You bludgeon the gnoll!
You kill the gnoll!
Cheibriados appreciates the change of pace.
The gnoll sergeant misses you.
The gnoll sergeant hits you with a +0 spear.
Items here: )) ††.
The orc shouts!
You tentacle-slap the gnoll sergeant.
The gnoll sergeant blocks your attack. x2
The gnoll sergeant is lightly wounded.
You hear a shout!
The gnoll sergeant hits you with a +0 spear!
The gnoll sergeant blocks your attack.
You grab the gnoll sergeant. The gnoll sergeant blocks your attack.
The gnoll sergeant is lightly wounded.
You constrict the gnoll sergeant.
The gnoll sergeant hits you with a +0 spear.
* * * LOW HITPOINT WARNING * * *
The orc hits you with a +0 hand axe.
* * * LOW HITPOINT WARNING * * *
You tentacle-slap the gnoll sergeant but do no damage.
The gnoll sergeant is lightly wounded.
You constrict the gnoll sergeant.
The gnoll sergeant hits you with a +0 spear.
* * * LOW HITPOINT WARNING * * *
The orc hits you with a +0 hand axe.
* * * LOW HITPOINT WARNING * * *
You tentacle-slap the gnoll sergeant. You squeeze the gnoll sergeant!
The gnoll sergeant is severely wounded.
You constrict the gnoll sergeant.
The gnoll sergeant hits you with a +0 spear!
You die...

#.## #...#.....##...... ##..#
##.###...####.....
#...####...####.##.......
##...##....#####....(...##
###.........[..##...<)).....
##......#............)[(...##
##......##.#.)##.#.....(.....#
#...........).####.^........##
###..........@)##...........##
#.)........og##...........##
###..........o.......[..#..#
##....................#...
##.....##..........#.....
#....####..........#.....
##..## ............ .. ##..#
.#..... #...###


You could see a gnoll sergeant and 2 orcs.

Vanquished Creatures
  Harold (D:7)
  Prince Ribbit (D:6)
  Sigmund (D:6)
  Duvessa (D:6)
  2 water moccasins
  An ice beast (D:7)
  A hornet zombie (D:7)
  A necrophage (D:6)
  An orc warrior (D:5)
  2 ogres
  2 kobold brigands
  A gnoll sergeant (D:5)
  5 scorpions
  A water moccasin zombie (D:4)
  2 water moccasin skeletons
  Dowan (D:6)
  4 wights (D:7)
  A howler monkey (D:5)
  3 bullfrog zombies
  A centaur zombie (D:5)
  5 orc priests
  4 jellies
  A bullfrog skeleton (D:5)
  6 iguanas
  Natasha (twice) (D:2)
  7 orc wizards
  A hound zombie (D:5)
  A hound skeleton (D:5)
  8 gnolls
  9 adders
  A shadow imp (D:7)
  A white imp (D:5)
  2 ufetubi (D:4)
  An adder skeleton (D:4)
  A dart slug (D:2)
  31 orcs
  11 endoplasms
  2 giant cockroaches
  6 goblins
  7 hobgoblins
  4 jackals (D:2)
  5 quokkas
  8 ball pythons
  10 bats
  4 frilled lizards
  24 kobolds
  2 rats
197 creatures vanquished.

Vanquished Creatures (others)
  2 orcs
  A demonic plant (D:1)
  45 fungi (D:6)
48 creatures vanquished.

Grand Total: 245 creatures vanquished

Notes
Turn   | Place    | Note
-------+----------+-------------------------------------------
     0 | D:1      | MiltankisOP the Octopode Monk began the quest for the Orb.
     0 | D:1      | Reached XP level 1. HP: 16/16 MP: 1/1
   202 | D:1      | Reached XP level 2. HP: 21/21 MP: 2/2
   583 | D:1      | Found a faded altar of an unknown god.
   677 | D:1      | Reached XP level 3. HP: 19/26 MP: 3/3
  1417 | D:2      | Reached XP level 4. HP: 23/31 MP: 4/4
  1872 | D:2      | Noticed Natasha
  1886 | D:2      | Killed Natasha
  1957 | D:2      | Reached XP level 5. HP: 35/36 MP: 5/5
  2006 | D:2      | Identified the +6 dagger of the Land of Plenty {venom,
                  | SInv}
  2068 | D:2      | Noticed Natasha
  2072 | D:2      | Killed Natasha
  2493 | D:3      | Reached skill level 5 in Dodging
  2493 | D:3      | Reached XP level 6. HP: 6/43 MP: 6/6
  2997 | D:3      | Got Meona's Tome of Sinister Summoning
  3668 | D:4      | Reached XP level 7. HP: 45/49 MP: 7/7
  3851 | D:4      | Reached skill level 5 in Fighting
  4109 | D:5      | Entered Level 5 of the Dungeon
  4395 | D:5      | Reached XP level 8. HP: 53/57 MP: 8/8
  4993 | D:5      | Found a radiant altar of Vehumet.
  5967 | D:6      | Reached XP level 9. HP: 59/66 MP: 9/9
  6179 | D:6      | Found a staircase to the Ecumenical Temple.
  6188 | Temple   | Entered the Ecumenical Temple
  6276 | Temple   | Became a worshipper of Cheibriados the Contemplative
  6276 | Temple   | Reached * piety under Cheibriados
  6276 | Temple   | Reached ** piety under Cheibriados
  6343 | D:6      | Noticed Sigmund
  6360 | D:6      | Found a white marble altar of Elyvilon.
  6368 | D:6      | Killed Sigmund
  6369 | D:6      | Reached skill level 5 in Unarmed Combat
  6374 | D:6      | Noticed Dowan
  6377 | D:6      | Noticed Duvessa
  6377 | D:6      | Noticed Prince Ribbit
  6390 | D:6      | Killed Prince Ribbit
  6393 | D:6      | Killed Duvessa
  6397 | D:6      | Killed Dowan
  6688 | D:6      | Found a shadowy altar of Dithmenos.
  6898 | D:6      | Found a hide-covered altar of Uskayaw.
  7234 | D:7      | Noticed Harold
  7500 | D:7      | Reached skill level 1 in Invocations
  7918 | D:7      | Identified the +0 pair of boots of the Valley {rElec rN+
                  | Will+}
  8042 | D:7      | Killed Harold
  8043 | D:7      | Reached XP level 10. HP: 6/72 MP: 12/15
  8800 | D:8      | Reached *** piety under Cheibriados
  8963 | D:8      | Slain by a gnoll sergeant

Illustrated notes

Levels and vault maps discovered:
D:1:      wander_arrival_peaceful_grave, layout_basic,
          shapermc_ecumenical_altar_gd
D:2:      cheibrodos_pilgrimage, layout_basic, serial_curves, eino_curves_03,
          eino_curves_03, eino_curves_01, minmay_3d_cube, uniq_natasha
D:3:      layout_rooms, bh_walls_and_bars
D:4:      nicolae_BIG_FREAKIN_CUBE, layout_basic
D:5:      minmay_angry_zag, layout_cave_pools, mainiacjoe_overflow_catwalk,
          amethyst_killhole
D:6:      layout_loops_corners, nicolae_uskayaw_murder_on_the_dancefloor,
          mainiacjoe_overflow_catch_the_wave, temple_pool_b, uniq_sigmund,
          uniq_duvessa, uniq_prince_ribbit1
D:7:      layout_rooms, uniq_harold
D:8:      layout_cave_pools, special_room [special_room_orc]
Temple:   mainiacjoe_temple_coin_purse

Skill      XL: |  1  2  3  4  5  6  7  8  9 |
---------------+----------------------------+-----
Dodging        | 4 5 6 8 |  8.7
Unarmed Combat | 4 7 |  7.1
Fighting       | 4 5 7 8 |  8.0
Invocations    | 7 |  7.4
Stealth        | |  2.7

Action                   |  1- 3 |  4- 6 |  7- 9 | 10-12 || total
-------------------------+-------+-------+-------+-------++-------
Melee: Unarmed           |    86 |    21 |     6 |    40 ||   153
       Constrict         |    21 |    28 |    61 |    14 ||   124
       Tentacles         |    19 |    19 |    74 |    12 ||   124
       Punch             |       |     4 |    18 |     1 ||    23
       Dagger            |       |    78 |   226 |       ||   304
Evoke: Wand              |       |       |     5 |       ||     5
  Use: Potion            |       |       |     2 |       ||     2
       Scroll            |       |       |     9 |     1 ||    10
 Stab: Sleeping          |    11 |    13 |    12 |       ||    36
       Distracted        |       |     1 |       |       ||     1
Armor: Skin              |    12 |     5 |     7 |     1 ||    25
Dodge: Dodged            |    52 |    40 |   165 |    36 ||   293
